 Dungeon Crawl Stone Soup version 0.17-a0-1954-g0dddeaa (webtiles) character file.

5169 brucemayne the Severer (level 10, -1/86 HPs)
             Began as a Hill Orc Berserker on Oct 4, 2015.
             Was a Priest of Trog.
             Slain by a hill giant
             ... wielding a +0 giant club
              (25 damage)
             ... on level 10 of the Dungeon.
             The game lasted 00:17:15 (3263 turns).

brucemayne the Severer (Hill Orc Berserker)         Turns: 3263, Time: 00:17:15

Health: -1/86      AC: 14    Str: 24    XL:     10   Next: 59%
Magic:  10/10      EV: 12    Int:  7    God:    Trog [***...]
Gold:   222        SH:  0    Dex: 15    Spells: 0 memorised, 9 levels left

rFire  . . .     SeeInvis .     r - +0 war axe
rCold  . . .     Clarity  .     t - +0 plate armour (curse)
rNeg   . . .     SustAt   .     (no shield)
rPois  +         Gourm    .     (no helmet)
rElec  .         Spirit   .     y - +2 cloak {rPois}
rCorr  .         Warding  .     (no gloves)
rMut   .         Stasis   .     (no boots)
MR     .....                    (no amulet)
Stlth  ..........               (no ring)
                                (no ring)

@: agile, exhausted, slowed, very slow, not resistant to hostile enchantments,
extremely unstealthy
A: no striking features
a: Burn Spellbooks, Berserk, Trog's Hand, Renounce Religion


You were on level 10 of the Dungeon.
You worshipped Trog.
Trog was most pleased with you.
You were hungry.

You visited 2 branches of the dungeon, and saw 13 of its levels.

You collected 337 gold pieces.
You spent 115 gold pieces at shops.

Inventory:

Hand weapons
 a - a +0 hand axe
 b - a +2 falchion of slicing
 g - a +1 dagger of venom
 o - a +1 lajatang of protection
 r - a +0 war axe (weapon)
 A - a +0 battleaxe
Missiles
 G - 8 poisoned javelins (quivered)
Armour
 t - a cursed +0 plate armour (worn)
 y - a +2 cloak of poison resistance (worn)
Magical staves
 B - an uncursed staff of death {unknown}
Jewellery
 C - an uncursed ring of fire
Magical devices
 m - a wand of magic darts (15)
 D - a wand of frost (24)
 E - a wand of polymorph (8)
Scrolls
 h - 3 scrolls of enchant weapon
 i - 4 scrolls of identify
 v - a scroll of fog
Potions
 e - a potion of lignification {unknown}
 f - a potion of haste {unknown}
 j - a potion of curing
 k - a potion of magic {unknown}
 p - a potion of brilliance {unknown}
 q - a potion of poison {unknown}
 u - a potion of flight
 z - a potion of might {unknown}
 F - a potion of degeneration {unknown}
Books
 x - a book of Air

   Spells                             Type                      Level
   a - Shock                          Conjuration/Air              1
   b - Swiftness                      Charms/Air                   2
   c - Repel Missiles                 Charms/Air                   2
   d - Static Discharge               Conjuration/Air              3
   e - Lightning Bolt                 Conjuration/Air              5
   Trog disapproves of the use of such an item.
 H - a book of Power

   Spells                             Type                      Level
   a - Fulminant Prism                Conjuration/Hexes            4
   b - Iskenderun's Mystic Blast      Conjuration                  4
   c - Venom Bolt                     Conjuration/Poison           5
   d - Bolt of Magma                  Conjuration/Fire/Earth       5
   e - Iron Shot                      Conjuration/Earth            6
   f - Orb of Destruction             Conjuration                  7
   g - Spellforged Servitor           Conjuration/Summoning        7
   Trog disapproves of the use of such an item.
Comestibles
 c - 6 bread rations
 d - 2 beef jerkies
 n - 2 meat rations
 s - 9 slices of pizza
 w - a royal jelly


   Skills:
 - Level 7.0 Fighting
 - Level 17.7 Axes
 + Level 2.1 Armour
 - Level 1.5 Dodging


You had 9 spell levels left.
You didn't know any spells.

Dungeon Overview and Level Annotations

Branches:
Dungeon (12/15)            Temple (1/1) D:6
   Lair: D:8-11         Orc: D:9-12

Altars:
Ashenzari
Cheibriados
Dithmenos
Elyvilon
Fedhas
Nemelex Xobeh
Ru
Vehumet
Xom
Yredelemnul
The Shining One

Shops:
D:5 }   D:8 *


Message History

Okay, then.
You hit the hill giant.
The hill giant is lightly wounded.
The hill giant hits you with a giant club.
You hit the hill giant.
The hill giant is lightly wounded.
The hill giant completely misses you.
You hit the hill giant but do no damage.
The hill giant is lightly wounded.
You hit the hill giant.
The hill giant is lightly wounded.
The hill giant hits you but does no damage.
You hit the hill giant.
The hill giant is lightly wounded.
The hill giant hits you with a giant club!
* * * LOW HITPOINT WARNING * * *
You slash the hill giant!
The hill giant is moderately wounded.
The hill giant hits you with a giant club!!
You die...

.... #.#
#....
....#.#
...#.#
#.#.#
#...##
#...#
#...####+##
#...#.....#
#.>@C.....#
#...#...?.#
#...#######
#...# #...#
#...# #####


You could see a hill giant.

Vanquished Creatures
  Pikel (D:9)
  A hill giant (D:11)
  A gargoyle (D:11)
  A troll (D:11)
  Grinder (D:5)
  A slime creature (D:11)
  A wraith (D:11)
  A hippogriff (D:6)
  A deep elf fighter (D:9)
  2 hungry ghosts (D:6)
  2 orc warriors
  A sky beast (D:8)
  A water moccasin (D:6)
  A slave (D:9)
  2 ice beasts
  An ogre (D:7)
  2 centaurs
  8 giant frogs
  Blork the orc (D:6)
  2 gnoll sergeants
  2 scorpions
  A centaur zombie (D:5)
  A giant frog zombie (D:5)
  7 orc wizards
  2 hounds
  4 jellies
  7 orc priests
  3 crimson imps
  A worker ant (D:5)
  An iguana (D:7)
  A hound zombie (D:10)
  14 gnolls
  5 adders
  A shadow imp (D:7)
  24 orcs
  2 giant cockroaches
  6 goblins
  A hobgoblin (D:1)
  A kobold (D:1)
  3 quokkas
  A ball python (D:6)
  5 bats
  2 giant geckos (D:6)
  2 giant newts
  A jackal skeleton (D:9)
130 creatures vanquished.

Vanquished Creatures (collateral kills)
  A troll (D:11)
1 creature vanquished.

Grand Total: 131 creatures vanquished

Notes
Turn   | Place    | Note
--------------------------------------------------------------
     0 | D:1      | brucemayne the Hill Orc Berserker began the quest for the Orb.
     0 | D:1      | Reached XP level 1. HP: 19/19 MP: 1/1
    67 | D:1      | Reached XP level 2. HP: 11/26 MP: 2/2
   280 | D:3      | Reached skill level 5 in Axes
   282 | D:3      | Reached XP level 3. HP: 30/31 MP: 3/3
   316 | D:3      | Reached skill level 6 in Axes
   457 | D:3      | Reached XP level 4. HP: 21/39 MP: 4/4
   480 | D:2      | Acquired Trog's second power
   558 | D:5      | Entered Level 5 of the Dungeon
   601 | D:5      | Reached skill level 7 in Axes
   601 | D:5      | Reached XP level 5. HP: 17/45 MP: 5/5
   729 | D:5      | Noticed Grinder
   745 | D:5      | Killed Grinder
   745 | D:5      | Reached skill level 9 in Axes
   745 | D:5      | Reached XP level 6. HP: 18/51 MP: 6/6
   748 | D:5      | Reached skill level 10 in Axes
   748 | D:5      | Reached XP level 7. HP: 11/57 MP: 7/7
   884 | D:5      | Found a shadowy altar of Dithmenos.
  1078 | D:6      | Reached skill level 11 in Axes
  1155 | D:6      | Found a shimmering altar of Xom.
  1173 | D:6      | Reached XP level 8. HP: 59/64 MP: 8/8
  1196 | D:6      | Reached skill level 12 in Axes
  1202 | D:6      | Found a staircase to the Ecumenical Temple.
  1210 | D:6      | Noticed a hungry ghost
  1231 | D:6      | Killed a hungry ghost
  1247 | D:6      | Found a sacrificial altar of Ru.
  1295 | D:6      | Noticed Blork the orc
  1300 | D:6      | Killed Blork the orc
  1300 | D:6      | Reached skill level 13 in Axes
  1358 | D:5      | Found Wuaxt's Quality Used Wands.
  1428 | D:5      | Noticed a phantom
  1489 | D:6      | Noticed a hungry ghost
  1500 | D:6      | Killed a hungry ghost
  1562 | D:6      | Reached skill level 14 in Axes
  1615 | D:6      | Noticed a hippogriff
  1621 | D:6      | Reached XP level 9. HP: 51/71 MP: 9/9
  1626 | D:6      | Killed a hippogriff
  1626 | D:6      | Reached skill level 5 in Fighting
  2079 | Temple   | Entered the Ecumenical Temple
  2149 | D:8      | Reached skill level 15 in Axes
  2277 | D:8      | Found Febbu's Assorted Antiques.
  2294 | D:8      | Bought a jade ring for 115 gold pieces
  2603 | D:10     | Entered Level 10 of the Dungeon
  2618 | D:11     | Noticed a gargoyle
  2697 | D:9      | Found a shattered altar of Ashenzari.
  2697 | D:9      | Found a basalt altar of Yredelemnul.
  2699 | D:9      | Noticed Pikel
  2722 | D:9      | Killed Pikel
  2722 | D:9      | Reached skill level 16 in Axes
  2722 | D:9      | Reached XP level 10. HP: 58/86 MP: 10/10
  2941 | D:11     | Received a gift from Trog
  3034 | D:11     | Noticed a hill giant
  3064 | D:11     | Killed a hill giant
  3064 | D:11     | Reached skill level 17 in Axes
  3103 | D:12     | Noticed a white ugly thing
  3144 | D:11     | Noticed a gargoyle
  3163 | D:11     | Killed a gargoyle
  3253 | D:10     | Noticed a hill giant
  3263 | D:10     | Slain by a hill giant

Vault maps used:
D:1:      saegor_arrival_simple_d, minivault_23
D:2:      lemuel_round_altar
D:3:      corner_web_ring
D:4:      first_bread, serial_shops, nicolae_shop_overgrown_old_shop,
          sigmund_army
D:5:      grunt_dithmenos_smoke, nicolae_for_you_no_charge,
          uniq_crazy_yiuf_cottage, uniq_grinder
D:6:      nicolae_overflow_hidden_temple, minmay_temple_entry_from_below_a,
          xom_teletrap_fun, uniq_blork_the_orc
D:7:      lemuel_round_altar, uniq_menkaure
D:8:      serial_shops, shop
D:9:      grunt_temple_overflow_open, erik_lair_orcish_takeover, grunt_pizzeria,
          uniq_pikel, uniq_erolcha, uniq_gastronok
D:11:     serial_column_ruins, column_ruins_hut_water, column_ruins_hut_ruined,
          column_ruins_grid_4, column_ruins_columns_dead_end,
          column_ruins_grid_3, column_ruins_corridor_corner,
          column_ruins_corridor_straight, column_ruins_grid_1
D:12:     orc_0_dummy, serial_shops, shop_fountains,
          nicolae_shop_overgrown_old_shop, nicolae_shop_behind_doors,
          kennysheep_mini_moat, shop
Temple:   nicolae_temple_god_jail

Action                   |  1- 3 |  4- 6 |  7- 9 | 10-12 || total
-------------------------+-------+-------+-------+-------++-------
Melee: Hand axe          |    46 |    49 |    38 |       ||   133
       Dagger            |     7 |       |       |       ||     7
       War axe           |       |       |   264 |    84 ||   348
Invok: Berserk           |     2 |     3 |     8 |     3 ||    16
       Trog's Hand       |       |     2 |     9 |     2 ||    13
  Use: Potion            |       |       |     5 |     3 ||     8
       Scroll            |       |       |     8 |     1 ||     9
  Eat: Chunk             |       |     4 |    18 |     4 ||    26
       Meat ration       |       |       |     1 |       ||     1
       Bread ration      |       |       |     1 |       ||     1
       Beef jerky        |       |       |       |     1 ||     1
